TOP OF THE 1ST |
Canton Indians batting - Pitching for Columbus Reds : RHP Jeff Buchanan
|
Pitching: RHP Jeff Buchanan
|
|
Batting: RHB George Wagner
|
0-0: SINGLE (Flyball, 89S, EV 88.8 MPH)
|
Batting: RHB Josh Patterson
|
0-0: Ball 1-0: Called Strike 1-1: Fielders Choice at 2nd, 5-4 (Groundball, 56, EV 78.1 MPH)
|
Batting: RHB Jose Rodriguez
|
0-0: Called Strike 0-1: Ball 1-1: Foul Ball, location: 2F 1-2: Ball 2-2: Strikes out swinging
|
Batting: RHB Leo Villa
|
0-0: Swinging Strike 0-1: Called Strike 0-2: Strikes out looking
|
Top of the 1st over - 0 runs, 1 hit, 0 errors, 1 left on base; Canton 0 - Columbus 0 |
BOTTOM OF THE 1ST |
Columbus Reds batting - Pitching for Canton Indians : RHP Yann Jarry
|
Pitching: RHP Yann Jarry
|
|
Batting: RHB Alex de Leon
|
0-0: Called Strike 0-1: Called Strike 0-2: Ball 1-2: Ball 2-2: Foul Ball, location: 2F 2-2: Ball 3-2: Base on Balls
|
Batting: RHB Ben Burkholder
|
0-0: Swinging Strike 0-1: Grounds into double play, 5-4-3 (Groundball, 56S, EV 88.8 MPH)
|
Batting: LHB Matthew Berry
|
0-0: Called Strike 0-1: SOLO HOME RUN (Flyball, 9LD, EV 93.1 MPH), Distance : 341 ft
|
Batting: LHB Jamie Spangenberg
|
0-0: Ball 1-0: Called Strike 1-1: Foul Ball, location: 2F 1-2: Ball 2-2: SINGLE (Groundball, 4D, EV 108.1 MPH)
|
Batting: RHB Alex Villagomez
|
0-0: Ball Jamie Spangenberg is caught stealing 2nd base 2-4
|
Bottom of the 1st over - 1 run, 2 hits, 0 errors, 0 left on base; Canton 0 - Columbus 1 |
TOP OF THE 2ND |
Canton Indians batting - Pitching for Columbus Reds : RHP Jeff Buchanan
|
Batting: RHB Gary Ming
|
0-0: Ball 1-0: Ball 2-0: Swinging Strike 2-1: Ground out 4-3 (Groundball, 4, EV 88.1 MPH)
|
Batting: RHB Charles Blatchford
|
0-0: Ball 1-0: Ball 2-0: Called Strike 2-1: Ball 3-1: SINGLE (Groundball, 6MD, EV 103.8 MPH)
|
Batting: RHB Tacito Carreiro
|
0-0: Called Strike 0-1: Ball 1-1: Ball 2-1: Ball 3-1: Called Strike 3-2: Fielders Choice at 2nd, 6-4 (Groundball, 6, EV 90.0 MPH)
|
Batting: RHB Ruben Irizarry
|
0-0: Called Strike Pickoff Throw to First - Error! E1 Tacito Carreiro to second 0-1: Ball 1-1: Foul Ball, location: 2F 1-2: Ball 2-2: DOUBLE (Line Drive, 5D, EV 109.4 MPH) Tacito Carreiro scores
|
Batting: RHB Aubrey Regimbald
|
0-0: Ball 1-0: Fly out, F1 (Line Drive, P, EV 66.9 MPH)
|
Top of the 2nd over - 1 run, 2 hits, 1 error, 1 left on base; Canton 1 - Columbus 1 |
BOTTOM OF THE 2ND |
Columbus Reds batting - Pitching for Canton Indians : RHP Yann Jarry
|
Batting: RHB Alex Villagomez
|
0-0: Called Strike 0-1: Foul Ball, location: 2F 0-2: Foul Ball, location: 2F 0-2: Ball 1-2: Ground out 6-3 (Groundball, 6, EV 100.0 MPH)
|
Batting: SHB Cesar Pelayo
|
0-0: Ball 1-0: Ground out 4-3 (Groundball, 4, EV 85.6 MPH)
|
Batting: RHB Ernie Maldonado
|
0-0: Called Strike 0-1: Ball 1-1: Ball 2-1: Ball 3-1: Foul Ball, location: 2F 3-2: DOUBLE (Flyball, 89D, EV 108.1 MPH)
|
Batting: LHB Mike Becerra
|
0-0: Fly out, F6 (Popup, 6D, EV 61.9 MPH)
|
Bottom of the 2nd over - 0 runs, 1 hit, 0 errors, 1 left on base; Canton 1 - Columbus 1 |
TOP OF THE 3RD |
Canton Indians batting - Pitching for Columbus Reds : RHP Jeff Buchanan
|
Batting: RHB George Wagner
|
0-0: Ball 1-0: Ball 2-0: Foul Ball, location: 2F 2-1: Swinging Strike 2-2: Foul Ball, location: 2F 2-2: Foul Ball, location: 2F 2-2: Strikes out looking
|
Batting: RHB Josh Patterson
|
0-0: Ball 1-0: Fly out, F8 (Flyball, 8RS, EV 71.9 MPH)
|
Batting: RHB Jose Rodriguez
|
0-0: Ball 1-0: Foul Ball, location: 2F 1-1: Ball 2-1: Fly out, F7 (Flyball, 7D, EV 102.5 MPH)
|
Top of the 3rd over - 0 runs, 0 hits, 0 errors, 0 left on base; Canton 1 - Columbus 1 |
BOTTOM OF THE 3RD |
Columbus Reds batting - Pitching for Canton Indians : RHP Yann Jarry
|
Batting: LHB Jose Cruz
|
0-0: Ball 1-0: SINGLE (Groundball, 56, EV 101.9 MPH)
|
Batting: RHB Alex de Leon
|
0-0: Fielders Choice at 2nd, 1-4 (Groundball, 15S, EV 68.1 MPH)
|
Batting: RHB Ben Burkholder
|
0-0: Ball 1-0: Ball 2-0: Ball 3-0: Called Strike 3-1: Base on Balls Alex de Leon to second
|
Batting: LHB Matthew Berry
|
0-0: Ball 1-0: Ball 2-0: Fielders Choice at 2nd, 1-6 (Groundball, 34S, EV 71.9 MPH) Alex de Leon to third
|
Batting: LHB Jamie Spangenberg
|
0-0: Called Strike 0-1: Ball 1-1: Foul Ball, location: 2F 1-2: SINGLE (Line Drive, 5D, EV 94.4 MPH) Alex de Leon scores Matthew Berry to second
|
Batting: RHB Alex Villagomez
|
0-0: Ball 1-0: SINGLE (Groundball, 6D, EV 110.0 MPH) Matthew Berry to third Jamie Spangenberg to second Runner from 3rd tries for Home, throw by CF and OUT! 8-2
|
Bottom of the 3rd over - 1 run, 3 hits, 0 errors, 2 left on base; Canton 1 - Columbus 2 |
TOP OF THE 4TH |
Canton Indians batting - Pitching for Columbus Reds : RHP Jeff Buchanan
|
Batting: RHB Leo Villa
|
0-0: Swinging Strike 0-1: Ball 1-1: Ball 2-1: Fly out, F7 (Flyball, 78S, EV 78.8 MPH)
|
Batting: RHB Gary Ming
|
0-0: Ground out 5-3 (Groundball, 56S, EV 84.4 MPH)
|
Batting: RHB Charles Blatchford
|
0-0: Ball 1-0: SINGLE (Groundball, 56, EV 102.5 MPH) (infield hit)
|
Batting: RHB Tacito Carreiro
|
0-0: Fly out, F7 (Flyball, 7LMF, EV 100.0 MPH)
|
Top of the 4th over - 0 runs, 1 hit, 0 errors, 1 left on base; Canton 1 - Columbus 2 |
BOTTOM OF THE 4TH |
Columbus Reds batting - Pitching for Canton Indians : RHP Yann Jarry
|
Batting: SHB Cesar Pelayo
|
0-0: Called Strike 0-1: Ball 1-1: Called Strike 1-2: Ball 2-2: Strikes out swinging
|
Batting: RHB Ernie Maldonado
|
0-0: Called Strike 0-1: Swinging Strike 0-2: Ball 1-2: DOUBLE (Flyball, 78XD, EV 97.5 MPH)
|
Pitching: RHP Kenny Samuels
|
|
Batting: LHB Mike Becerra
|
0-0: Ball 1-0: Called Strike 1-1: Ball 2-1: Fly out, F7 (Line Drive, 7, EV 96.9 MPH)
|
Batting: LHB Jose Cruz
|
0-0: Called Strike 0-1: SINGLE (Groundball, 56D, EV 102.5 MPH) Ernie Maldonado to third Runner from 3rd tries for Home, SAFE, throw by LF to home
|
Batting: RHB Alex de Leon
|
0-0: Called Strike 0-1: Fly out, F9 (Flyball, 9, EV 86.9 MPH)
|
Bottom of the 4th over - 1 run, 2 hits, 0 errors, 1 left on base; Canton 1 - Columbus 3 |
TOP OF THE 5TH |
Canton Indians batting - Pitching for Columbus Reds : RHP Jeff Buchanan
|
Batting: RHB Ruben Irizarry
|
0-0: Swinging Strike 0-1: Ground out 5-3 (Groundball, 56S, EV 75.0 MPH)
|
Batting: RHB Aubrey Regimbald
|
0-0: Ball 1-0: SINGLE (Line Drive, 89M, EV 90.0 MPH)
|
Batting: RHB George Wagner
|
0-0: Swinging Strike 0-1: Ball 1-1: Fly out, F9 (Line Drive, 9S, EV 93.1 MPH)
|
Batting: RHB Josh Patterson
|
0-0: Ground out 5-3 (Groundball, 56S, EV 68.1 MPH)
|
Top of the 5th over - 0 runs, 1 hit, 0 errors, 1 left on base; Canton 1 - Columbus 3 |
BOTTOM OF THE 5TH |
Columbus Reds batting - Pitching for Canton Indians : RHP Kenny Samuels
|
Batting: RHB Ben Burkholder
|
0-0: Foul Ball, location: 2F 0-1: Foul Ball, location: 2F 0-2: Ball 1-2: Strikes out swinging
|
Batting: LHB Matthew Berry
|
0-0: Fly out, F8 (Flyball, 8LD, EV 84.4 MPH)
|
Batting: LHB Jamie Spangenberg
|
0-0: Ball 1-0: SOLO HOME RUN (Flyball, 89XD, EV 112.5 MPH), Distance : 438 ft
|
Batting: RHB Alex Villagomez
|
0-0: Ball 1-0: Fly out, F7 (Flyball, 7LD, EV 91.2 MPH)
|
Bottom of the 5th over - 1 run, 1 hit, 0 errors, 0 left on base; Canton 1 - Columbus 4 |
TOP OF THE 6TH |
Canton Indians batting - Pitching for Columbus Reds : RHP Jeff Buchanan
|
Batting: RHB Jose Rodriguez
|
0-0: Ball 1-0: Ground out 4-3 (Groundball, 4, EV 81.2 MPH)
|
Batting: RHB Leo Villa
|
0-0: Ball 1-0: Swinging Strike 1-1: Foul Ball, location: 2F 1-2: Foul Ball, location: 2F 1-2: Ball 2-2: Ball 3-2: Foul Ball, location: 2F 3-2: Strikes out swinging
|
Batting: RHB Gary Ming
|
0-0: Ball 1-0: Ball 2-0: Ball 3-0: Base on Balls
|
Batting: RHB Charles Blatchford
|
0-0: Foul Ball, location: 2F 0-1: Fly out, F9 (Flyball, 89M, EV 89.4 MPH)
|
Top of the 6th over - 0 runs, 0 hits, 0 errors, 1 left on base; Canton 1 - Columbus 4 |
BOTTOM OF THE 6TH |
Columbus Reds batting - Pitching for Canton Indians : RHP Kenny Samuels
|
Batting: SHB Cesar Pelayo
|
0-0: Fly out, F8 (Flyball, 8RM, EV 80.0 MPH)
|
Batting: RHB Ernie Maldonado
|
0-0: Called Strike 0-1: Foul Ball, location: 2F 0-2: Strikes out swinging
|
Batting: LHB Mike Becerra
|
0-0: Called Strike 0-1: Ball 1-1: Foul Ball, location: 2F 1-2: Foul Ball, location: 2F 1-2: Foul Ball, location: 2F 1-2: Ball 2-2: Foul Ball, location: 2F 2-2: Foul Ball, location: 2F 2-2: Ball 3-2: Strikes out swinging
|
Bottom of the 6th over - 0 runs, 0 hits, 0 errors, 0 left on base; Canton 1 - Columbus 4 |
TOP OF THE 7TH |
Canton Indians batting - Pitching for Columbus Reds : RHP Jeff Buchanan
|
Now in LF: Tim Kirk
|
|
Batting: RHB Tacito Carreiro
|
0-0: Foul Ball, location: 2F 0-1: Swinging Strike 0-2: Ball 1-2: Strikes out looking
|
Batting: RHB Ruben Irizarry
|
0-0: Called Strike 0-1: Ball 1-1: Ball 2-1: Foul Ball, location: 2F 2-2: Foul Ball, location: 2F 2-2: SOLO HOME RUN (Flyball, 7D, EV 98.8 MPH), Distance : 392 ft
|
Batting: RHB Aubrey Regimbald
|
0-0: Ball 1-0: Fly out, F7 (Flyball, 7, EV 90.0 MPH)
|
Batting: RHB George Wagner
|
0-0: Ball 1-0: Called Strike 1-1: Ball 2-1: Ball 3-1: Foul Ball, location: 2F 3-2: Reached on error, E6 (Groundball, 6, EV 89.4 MPH)
|
Batting: RHB Josh Patterson
|
0-0: Called Strike George Wagner steals 2nd base 0-1: Ball 1-1: Foul Ball, location: 2F 1-2: Ball 2-2: Foul Ball, location: 2F 2-2: Ball 3-2: Base on Balls
|
Batting: RHB Jose Rodriguez
|
0-0: Called Strike 0-1: Foul Ball, location: 2F 0-2: Foul Ball, location: 2F 0-2: Foul Ball, location: 2F 0-2: Ball 1-2: Strikes out swinging
|
Top of the 7th over - 1 run, 1 hit, 1 error, 2 left on base; Canton 2 - Columbus 4 |
BOTTOM OF THE 7TH |
Columbus Reds batting - Pitching for Canton Indians : RHP Kenny Samuels
|
Pitching: RHP Antonio Olvera
|
|
Batting: LHB Jose Cruz
|
0-0: Ball 1-0: Ball 2-0: Ball 3-0: Base on Balls
|
Batting: RHB Alex de Leon
|
0-0: Bunted foul 0-1: Ball 1-1: Ball 2-1: Bunted foul 2-2: DOUBLE (Flyball, 8LXD, EV 100.6 MPH) Jose Cruz to third Runner from 3rd tries for Home, SAFE, throw by CF to home
|
Batting: RHB Ben Burkholder
|
0-0: Called Strike 0-1: Called Strike 0-2: Strikes out swinging
|
Batting: LHB Matthew Berry
|
0-0: Ball 1-0: Ball 2-0: Ball 3-0: Base on Balls
|
Batting: LHB Jamie Spangenberg
|
0-0: Ball 1-0: Ball 2-0: Fielders Choice at 2nd, 4-6 (Groundball, 4, EV 94.4 MPH) Alex de Leon to third
|
Batting: RHB Alex Villagomez
|
0-0: 3-RUN HOME RUN (Flyball, 78XD, EV 103.1 MPH), Distance : 427 ft
|
Pitching: RHP Chase Ashley
|
|
Batting: SHB Cesar Pelayo
|
0-0: Called Strike 0-1: SOLO HOME RUN (Flyball, 89XD, EV 103.8 MPH), Distance : 443 ft
|
Batting: RHB Ernie Maldonado
|
0-0: Called Strike 0-1: Ball 1-1: Ball 2-1: Ball 3-1: Base on Balls
|
Batting: LHB Tim Kirk
|
0-0: Called Strike Ernie Maldonado steals 2nd base 0-1: Ball 1-1: Ball 2-1: Ball 3-1: Ground out 4-3 (Groundball, 4, EV 77.5 MPH)
|
Bottom of the 7th over - 5 runs, 3 hits, 0 errors, 1 left on base; Canton 2 - Columbus 9 |
TOP OF THE 8TH |
Canton Indians batting - Pitching for Columbus Reds : RHP Jeff Buchanan
|
Batting: RHB Leo Villa
|
0-0: SINGLE (Line Drive, 9LS, EV 102.5 MPH)
|
Pinch Hitting: RHB Patrick Pinault
|
0-0: Ball 1-0: Fly out, F9 (Line Drive, 89D, EV 89.4 MPH)
|
Pitching: LHP Gabe Alcantara
|
|
Pinch Hitting: RHB Joe Bauer
|
0-0: Ball 1-0: Fly out, F8 (Flyball, 8RD, EV 90.6 MPH)
|
Batting: RHB Tacito Carreiro
|
0-0: Called Strike 0-1: Swinging Strike 0-2: Strikes out swinging
|
Top of the 8th over - 0 runs, 1 hit, 0 errors, 1 left on base; Canton 2 - Columbus 9 |
BOTTOM OF THE 8TH |
Columbus Reds batting - Pitching for Canton Indians : RHP Chase Ashley
|
Now at 2B: Patrick Pinault
|
|
Now at SS: Manuel de los Santos
|
|
Batting: LHB Jose Cruz
|
0-0: Called Strike 0-1: Ground out 6-3 (Groundball, 6S, EV 83.8 MPH)
|
Batting: RHB Alex de Leon
|
0-0: Called Strike 0-1: Foul Ball, location: 2F 0-2: Foul Ball, location: 2F 0-2: DOUBLE (Line Drive, 7LS, EV 106.2 MPH)
|
Batting: RHB Ben Burkholder
|
0-0: Foul Ball, location: 2F 0-1: Called Strike 0-2: Strikes out swinging
|
Batting: LHB Matthew Berry
|
0-0: Ball 1-0: Ball 2-0: Ball 3-0: Called Strike 3-1: Foul Ball, location: 2F 3-2: Base on Balls
|
Batting: LHB Jamie Spangenberg
|
0-0: Called Strike 0-1: Ball 1-1: Ball 2-1: Ball 3-1: Reached on error, E6 (Groundball, 6, EV 75.6 MPH) Alex de Leon to third Matthew Berry to second
|
Batting: RHB Alex Villagomez
|
0-0: Hit by Pitch Alex de Leon scores Matthew Berry to third Jamie Spangenberg to second
|
Batting: SHB Cesar Pelayo
|
0-0: Foul Ball, location: 2F 0-1: Swinging Strike 0-2: Strikes out swinging
|
Bottom of the 8th over - 1 run, 1 hit, 1 error, 3 left on base; Canton 2 - Columbus 10 |
TOP OF THE 9TH |
Canton Indians batting - Pitching for Columbus Reds : LHP Gabe Alcantara
|
Batting: RHB Ruben Irizarry
|
0-0: Ground out 6-3 (Groundball, 6S, EV 83.8 MPH)
|
Pinch Hitting: LHB Dorian Oram
|
0-0: Called Strike 0-1: Ball 1-1: Fly out, F7 (Line Drive, 7, EV 92.5 MPH)
|
Pinch Hitting: RHB Juan Ordonez
|
0-0: Ball 1-0: Ball 2-0: Ball 3-0: Called Strike 3-1: Base on Balls
|
Pinch Hitting: RHB Cruz Castro
|
0-0: Foul Ball, location: 2F 0-1: Ground out 2-3 (Groundball, 2L, EV 66.2 MPH)
|
Top of the 9th over - 0 runs, 0 hits, 0 errors, 1 left on base; Canton 2 - Columbus 10 |
|